 Dungeon Sprint DCSS version 0.16-a0-4078-g0e80503 (console) character file.

3400000 Monkaria the Axe Maniac (level 18, -22/182 HPs)
             Began as a Mummy Gladiator on Feb 22, 2015.
             Was the Champion of Makhleb.
             Killed from afar by a large bag of meat (72 damage)
             ... with an exploding inner flame
             ... in the Dungeon (Sprint VIII: "Arena of Blood").
             The game lasted 00:01:30 (34 turns).

Monkaria the Axe Maniac (Mummy Gladiator)             Turns: 34, Time: 00:01:30

Health: -22/182    AC:  7    Str: 21    XL:     18   Next: 46%
Magic:  18/18      EV: 30    Int:  7    God:    Makhleb [******]
Gold:   0          SH:  0    Dex: 15    Spells: 0 memorised, 17 levels left

rFire  x . .     SeeInvis .     e - +∞ Axe of Woe
rCold  + . .     Clarity  .     b - +0 leather armour
rNeg   + + +     SustAb   .     (no shield)
rPois  ∞         Gourm    .     c - +0 helmet
rElec  .         Spirit   .     (no cloak)
rCorr  .         Warding  .     (no gloves)
rMut   .         NoTele   +     (no boots)
MR     ++...                    (no amulet)
Stlth  +.........               f - +30 ring of slaying
                                a - +30 ring of slaying

@: very resistant to hostile enchantments, very unstealthy
A: no food or potions, fire vulnerability, in touch with death, restore body,
cold resistance 1, negative energy resistance 3, poison resistance, torment
resistance, unbreathing
a: Self-Restoration, Minor Destruction, Lesser Servant of Makhleb, Major
Destruction, Greater Servant of Makhleb, Renounce Religion


You were in the Dungeon.
You worshipped Makhleb.
Makhleb was exalted by your worship.
You were not hungry.

You visited 1 branch

Inventory:

Hand weapons
 e - the +∞ Axe of Woe (weapon)
   (You found it in the Dungeon)
Missiles
 d - 3 throwing nets (quivered)
Armour
 b - a +0 leather armour (worn)
 c - a +0 helmet (worn)
Jewellery
 a - a +30 ring of slaying (left hand)
 f - a +30 ring of slaying (right hand)
Scrolls
 j - a scroll of blinking


   Skills:
 O Level 27 Fighting
 O Level 27 Axes
 - Level 14.2 Throwing
 + Level 18.3 Armour
 O Level 27 Dodging


You had 17 spell levels left.
You didn't know any spells.

Dungeon Overview and Level Annotations

Branches:
Dungeon (1/1)

Altars:
Makhleb

Annotations:
D The Servant


Innate Abilities, Weirdness & Mutations

You do not eat or drink.
Your flesh is vulnerable to fire.
You are in touch with the powers of death.
You can restore your body by infusing magical energy.
Your flesh is cold resistant.
You are immune to negative energy.
Your system is resistant to poisons.
You are immune to unholy pain and torment.
You can survive without breathing.


Message History

Unknown command.
You chop the large bag of meat into pieces!!!
You dissect the large bag of meat like a pig carcass.
The large bag of meat explodes!
The fiery explosion engulfs you! The fire burns you terribly!
The fiery explosion engulfs the large bag of meat.
Makhleb accepts your kill.
Your Armour skill gained 3 levels and is now at level 18!
You are engulfed in roaring flames.
* * * LOW HITPOINT WARNING * * *
You hear a shout! x11
The large bag of meat is engulfed in roaring flames.
You hear a shout!
Unknown command.
Unknown command.
You cut the large bag of meat into ribbons!!!!
You pulverise the large bag of meat into a thin bloody mist.
The large bag of meat explodes!
The fiery explosion engulfs you! The fire burns you terribly!
You die...

...... .. .%%..
#. ...C# #.. ...#
.. .###..
...###...
...%.%###........
.%...._§§@.......
#...§§# #_.<§@#
#...§§#
.%..o._§§§......o
......###§§%.....
.###.. ..%###...
#.. ...# .. #.
....# .. .....
......


You could see The Servant, a large bag of meat (inner flame) and a bag of meat.

Vanquished Creatures
  4 hill giants (D)
  3 ogres (D)
  16 orcs (D)
23 creatures vanquished.

Notes
Turn   | Place    | Note
--------------------------------------------------------------
     0 | D        | Monkaria, the Mummy Gladiator, began the quest for the Orb.
     0 | D        | Reached XP level 1. HP: 16/16 MP: 1/1
     3 | D        | Noticed a bag of meat
     4 | D        | Became a worshipper of Makhleb the Destroyer
     5 | D        | Noticed a bag of meat
     5 | D        | Noticed a bag of meat
     5 | D        | Noticed a bag of meat
     9 | D        | Killed a bag of meat
     9 | D        | Reached skill level 9 in Fighting
     9 | D        | Reached skill level 14 in Axes
     9 | D        | Reached XP level 2. HP: 20/35 MP: 2/2
     9 | D        | Reached XP level 3. HP: 23/41 MP: 3/3
     9 | D        | Reached XP level 4. HP: 26/47 MP: 4/4
     9 | D        | Reached XP level 5. HP: 29/53 MP: 5/5
     9 | D        | Reached XP level 6. HP: 32/60 MP: 6/6
     9 | D        | Reached XP level 7. HP: 34/65 MP: 7/7
     9 | D        | Reached XP level 8. HP: 37/72 MP: 8/8
     9 | D        | Reached XP level 9. HP: 40/78 MP: 9/9
     9 | D        | Reached XP level 10. HP: 43/85 MP: 10/10
     9 | D        | Reached XP level 11. HP: 45/90 MP: 11/11
    10 | D        | Noticed a meat berserker
    10 | D        | Killed a bag of meat
    10 | D        | Acquired Makhleb's first power
    10 | D        | Reached skill level 16 in Axes
    10 | D        | Reached XP level 12. HP: 48/100 MP: 12/12
    10 | D        | Killed a bag of meat
    10 | D        | Reached skill level 18 in Axes
    10 | D        | Reached skill level 10 in Throwing
    10 | D        | Reached XP level 13. HP: 105/108 MP: 13/13
    11 | D        | Noticed a large bag of meat
    11 | D        | Killed a bag of meat
    11 | D        | Acquired Makhleb's second power
    11 | D        | Reached skill level 19 in Axes
    12 | D        | Noticed a bag of meat
    12 | D        | Killed a meat berserker
    12 | D        | Reached skill level 20 in Axes
    12 | D        | Reached XP level 14. HP: 117/119 MP: 14/14
    13 | D        | Noticed a bag of meat
    13 | D        | Noticed a bag of meat
    13 | D        | Noticed a meat berserker
    13 | D        | Noticed a bag of meat
    15 | D        | Noticed a bag of meat
    15 | D        | Noticed a bag of meat
    16 | D        | Killed a meat berserker
    16 | D        | Acquired Makhleb's third power
    16 | D        | Reached skill level 21 in Axes
    17 | D        | Noticed a meat berserker
    17 | D        | Killed a bag of meat
    17 | D        | Reached skill level 15 in Fighting
    17 | D        | Reached XP level 15. HP: 124/129 MP: 15/15
    18 | D        | Noticed a bag of meat
    18 | D        | Killed a large bag of meat
    18 | D        | Reached skill level 22 in Axes
    18 | D        | Killed a bag of meat
    18 | D        | Acquired Makhleb's fourth power
    18 | D        | Reached skill level 23 in Axes
    19 | D        | Noticed a bag of meat
    19 | D        | Noticed a bag of meat
    21 | D        | Killed a meat berserker
    22 | D        | Noticed a large bag of meat
    22 | D        | Noticed a bag of meat
    22 | D        | Killed a bag of meat
    22 | D        | Acquired Makhleb's fifth power
    22 | D        | Reached skill level 24 in Axes
    22 | D        | Reached XP level 16. HP: 139/141 MP: 16/16
    22 | D        | Killed a bag of meat
    22 | D        | Reached skill level 25 in Axes
    23 | D        | Noticed a bag of meat
    23 | D        | Noticed a meat berserker
    24 | D        | Noticed a bag of meat
    24 | D        | Noticed a large bag of meat
    24 | D        | Noticed a large bag of meat
    25 | D        | Killed a bag of meat
    25 | D        | Reached skill level 26 in Axes
    25 | D        | Killed a bag of meat
    25 | D        | Reached skill level 27 in Axes
    27 | D        | Noticed a bag of meat
    27 | D        | Killed a bag of meat
    27 | D        | Reached XP level 17. HP: 151/160 MP: 17/17
    28 | D        | Killed a bag of meat
    28 | D        | Killed a bag of meat
    29 | D        | Killed a bag of meat
    29 | D        | Reached skill level 27 in Fighting
    30 | D        | Noticed a large bag of meat
    30 | D        | Killed a large bag of meat
    30 | D        | Killed a bag of meat
    30 | D        | Reached skill level 27 in Dodging
    30 | D        | Reached XP level 18. HP: 182/182 MP: 18/18
    31 | D        | Killed a large bag of meat
    32 | D        | Noticed a large bag of meat
    32 | D        | Killed a bag of meat
    32 | D        | Reached skill level 15 in Armour
    33 | D        | Noticed The Servant
    33 | D        | Killed a large bag of meat
    34 | D        | Killed a large bag of meat
    34 | D        | Killed from afar by a large bag of meat

Action                   |  1- 3 |  4- 6 |  7- 9 | 10-12 | 13-15 | 16-18 || total
-------------------------+-------+-------+-------+-------+-------+-------++-------
Melee: Executioner's axe |     1 |       |       |     1 |     7 |     9 ||    18
